 Dungeon Crawl Stone Soup version 0.29.1-2-gbd0b4ee654 (webtiles) character file.

Game seed: 15230747921869771024

147 funnyparkerb the Changer (level 5, 0/33 HPs)
             Began as an Octopode Transmuter on Nov 5, 2022.
             Succumbed to an adder's poison
             ... on level 2 of the Dungeon on Nov 7, 2022.
             The game lasted 00:03:42 (1751 turns).

funnyparkerb the Changer (Octopode Transmuter)      Turns: 1751, Time: 00:03:42

Health: 0/33       AC:  2    Str:  9    XL:     5   Next: 29%
Magic:  8/10       EV: 19    Int: 17    God:
Gold:   142        SH:  0    Dex: 18    Spells: 4/10 levels left

rFire   . . .      SeeInvis .     - Unarmed
rCold   . . .      Faith    .   (shield currently unavailable)
rNeg    . . .      Spirit   .   (helmet currently unavailable)
rPois   x          Reflect  .   (no amulet)
rElec   .          Harm     .   (no ring)
rCorr   .          Rampage  .   (no ring)
Will    .....                   (no ring)
Stlth   ++........              (no ring)
HPRegen 0.11/turn               (no ring)
MPRegen 0.12/turn               (no ring)
                                (no ring)
                                (no ring)

@: lethally poisoned (0 -> -15), spider-form, hasted, very quick
A: venomous fangs, almost no armour, (amphibious), 8 rings, tiny, (camouflage
1), (gelatinous body 1), (nimble swimmer 1), (tentacles)
a: End Transformation


You were on level 2 of the Dungeon.
You were a venomous arachnid creature.
You visited 1 branch of the dungeon, and saw 2 of its levels.

You collected 142 gold pieces.

Inventory:

Scrolls
 c - 2 scrolls of identify {unknown}
 f - a scroll of enchant weapon {unknown}
Potions
 a - a potion of lignification
 d - a potion of cancellation {unknown}
 e - a potion of magic {unknown}


   Skills:
 - Level 1.0 Fighting
 - Level 2.0 Dodging
 - Level 3.0 Unarmed Combat
 + Level 3.4 Spellcasting
 + Level 3.6 Transmutations
 + Level 2.2 Poison Magic


You had 4 spell levels left.
You knew the following spells:

 Your Spells              Type           Power      Damage    Failure   Level
a - Beastly Appendage     Tmut           30%        N/A       12%         1
b - Wereblood             Tmut           15%        N/A       16%         2
c - Spider Form           Tmut/Pois      13%        N/A       32%         3

Your spell library contained the following spells:

 Spells                   Type           Power      Damage    Failure   Level
 Gell's Gravitas          Tloc           2%         N/A       67%         3
 Lesser Beckoning         Tloc           2%         N/A       67%         3
 Teleport Other           Tloc           2%         N/A       67%         3
 Ice Form                 Ice/Tmut       9%         N/A       80%         4


Dungeon Overview and Level Annotations

Branches:
Dungeon (2/15)

Altars:
Xom


Innate Abilities, Weirdness & Mutations

You are a venomous arachnid creature.
You have poisonous fangs.
You are tiny and dextrous.
Your spellcasting is less reliable in this form.
Your armour is entirely melded.
You are incapable of wielding weapons or throwing items.
You cannot wear most types of armour.
((You are amphibious.))
You can wear up to eight rings at the same time.
((Your skin changes colour to match your surroundings (Stealth+).))
((Your rubbery body absorbs attacks. (AC +1, EV +1)))
((You are camouflaged when in or above water. (Stealth+)))
((You have tentacles for arms and can constrict up to eight enemies at once.))


Message History

You turn into a venomous arachnid creature.
The adder hisses angrily.
You barely miss the adder. The adder bites you.
You are poisoned.
The adder poisons you!
You closely miss the adder.
You feel very sick. The adder completely misses you.
You hit the adder but do no damage.
The adder is poisoned.
You feel sick. The adder bites you but does no damage.
You closely miss the adder.
The adder is lightly wounded.
You feel sick. The adder closely misses you. The adder bites you.
You closely miss the adder.
The adder is moderately wounded.
You feel sick. The adder bites you.
You are lethally poisoned!
The adder poisons you!
You completely miss the adder.
The adder is moderately wounded.
You feel very sick. The adder barely misses you.
You are too injured to fight recklessly!
You completely miss the adder.
The adder is moderately wounded.
You feel very sick. The adder misses you.
You hit the adder.
The adder is heavily wounded.
* * * LOW HITPOINT WARNING * * *
You feel sick. The adder bites you.
* * * LOW HITPOINT WARNING * * *
You are more poisoned.
The adder poisons you!
You hit the adder.
You kill the adder!
* * * LOW HITPOINT WARNING * * *
You feel very sick.
It was a potion of haste.
You feel yourself speed up.
You die...

##..# ...... ###..#
#... ###### #...
#.....######### ##.##
#.....#)......# #...#
#.....#.......#####.#..
#....†s.............##.
#.....#................
#.....#....<...#.####..
#.....#................
#################...##.
###.... ####. #. ..


There were no monsters in sight!

Vanquished Creatures
  Jessica (D:2)
  Terence (D:2)
  An orc wizard (D:2)
  An adder (D:2)
  A gnoll (D:1)
  A dart slug (D:1)
  A worm (D:2)
  3 orcs (D:2)
  3 ball pythons
  A bat (D:2)
  3 endoplasms (D:1)
  3 giant cockroaches
  2 goblins
  6 hobgoblins
  6 jackals
  A kobold (D:2)
  3 quokkas
  2 frilled lizards
  A rat (D:1)
41 creatures vanquished.

Notes
Turn   | Place    | Note
-------+----------+-------------------------------------------
     0 | D:1      | funnyparkerb the Octopode Transmuter began the quest for
                  | the Orb.
     0 | D:1      | Reached XP level 1. HP: 13/13 MP: 3/3
    37 | D:1      | Reached XP level 2. HP: 13/18 MP: 3/5
    45 | D:1      | Learned a level 2 spell: Wereblood
   360 | D:1      | Reached XP level 3. HP: 23/23 MP: 0/7
  1111 | D:2      | Learned a level 3 spell: Spider Form
  1148 | D:2      | Found a shimmering altar of Xom.
  1151 | D:2      | Noticed Jessica
  1161 | D:2      | Killed Jessica
  1162 | D:2      | Reached skill level 1 in Poison Magic
  1162 | D:2      | Reached XP level 4. HP: 6/28 MP: 4/8
  1403 | D:2      | Noticed Terence
  1411 | D:2      | Killed Terence
  1456 | D:2      | Reached XP level 5. HP: 16/33 MP: 8/10
  1751 | D:2      | Succumbed to an adder's poison

Illustrated notes

Levels and vault maps discovered:
D:1:      grunt_arrival_lava_bath, layout_basic
D:2:      layout_rooms, basic_altar, uniq_jessica, uniq_terence

Skill      XL: |  1  2  3  4 |
---------------+-------------+-----
Transmutations | 3 |  3.6
Spellcasting   | 3 |  3.4
Poison Magic   | 1 2 |  2.2
Fighting       | |  1.0
Dodging        | |  2.0
Unarmed Combat | |  3.0

Action                   |  1- 3 |  4- 6 || total
-------------------------+-------+-------++-------
Melee: Unarmed           |    57 |    58 ||   115
       Kick              |    21 |     8 ||    29
       Constrict         |    17 |     8 ||    25
       Tentacles         |    14 |     2 ||    16
       Punch             |     2 |       ||     2
 Cast: Beastly Appendage |    12 |     2 ||    14
       Wereblood         |    11 |     3 ||    14
       Spider Form       |       |     1 ||     1
  Use: Potion            |       |     2 ||     2
Armor: Skin              |     2 |    34 ||    36
Dodge: Dodged            |    30 |    35 ||    65
